Map: Ley Lines

Players

LiquidElazer (Elazer) - Winner!

  • Race: Zerg Zerg
  • Spawn Location: 1:00

Moja

  • Race: Terran Terran
  • League: Grandmaster
  • Spawn Location: 7:00

Event: HomeStory Cup XXVII

VOD

Have the link to the VOD?

Description

Time

  • Played on: June 28, 2025, 6:38 a.m.
  • Length: 11:53

All games in this series

Show
View Real Time Build Order
Export as new Build Order

LiquidElazer Zerg - Winner!

Build Orders: Pool First 

Get SALT Encoding   

  12  0:00  Drone  
  13  0:08  Drone  
  14  0:16  Overlord  
  14  0:23  Extractor  
  14  0:24  Drone  
  15  0:34  Drone x2  
  17  0:48  Extractor  
  17  0:49  Spawning Pool  
  15  0:50  Drone  
  15  0:56  Drone  
  17  1:06  Drone  
  18  1:17  Drone  
  19  1:27  Drone, Hatchery  
  19  1:37  Drone  
  20  1:43  Queen  
  22  1:50  Metabolic Boost  
  22  1:57  Overlord  
  22  2:16  Zergling x4  
  22  2:19  Queen  
  22  2:21  Drone  
  27  2:30  Overlord  
  27  2:39  Drone  
  27  2:41  Drone  
  29  2:51  Drone x4  
  33  2:58  Hatchery  
  33  3:03  Drone x2  
  33  3:05  Drone  
  35  3:11  Drone  
  35  3:17  Drone  
  36  3:22  Drone x3, Queen  
  36  3:26  Overlord  
  41  3:28  Drone  
  41  3:31  Drone  
  43  3:44  Overlord  
  43  3:45  Drone x3  
  46  3:50  Drone  
  46  3:55  Drone x3  
  50  3:58  Drone  
  50  4:01  Overlord  
  51  4:04  Drone x3  
  51  4:08  Evolution Chamber  
  51  4:09  Drone  
  54  4:11  Drone  
  54  4:12  Lair  
  54  4:14  Drone  
  56  4:22  Overlord  
  56  4:25  Extractor x2  
  56  4:27  Extractor  
  56  4:30  Drone x3  
  56  4:31  Drone x4  
  60  4:33  Zerg Ground Armor Level 1  
  60  4:35  Drone x2  
  60  4:37  Overlord  
  62  4:38  Extractor  
  62  4:39  Zergling x2  
  62  4:44  Zergling x2  
  62  4:45  Zergling x2  
  64  4:50  Hatchery  
  63  4:53  Zergling x2  
  63  4:54  Zergling x2  
  63  4:55  Zergling x2  
  63  4:59  Zergling x2  
  67  5:03  Zergling x2  
  67  5:04  Zergling x10  
  67  5:06  Zergling x8  
  77  5:08  Zergling x2  
  77  5:12  Overlord  
  78  5:14  Hydralisk Den  
  78  5:19  Zergling x4  
  79  5:22  Spore Crawler  
  79  5:24  Overseer  
  79  5:25  Overlord  
  79  5:27  Spore Crawler  
  79  5:28  Spore Crawler  
  76  5:29  Zergling x4  
  76  5:35  Overlord  
  78  5:38  Zergling x16  
  78  5:40  Overlord  
  87  5:45  Muscular Augments  
  89  5:56  Hydralisk x5  
  99  6:06  Hydralisk x5  
  98  6:15  Hydralisk x3  
  97  6:19  Hydralisk  
  98  6:26  Hydralisk  
  98  6:27  Hydralisk x2  
  98  6:31  Hydralisk x2  
  107  6:34  Hydralisk  
  107  6:38  Drone x2  
  107  6:39  Drone  
  112  6:40  Drone  
  112  6:42  Drone  
  114  6:48  Drone x4  
  114  6:52  Grooved Spines  
  112  7:02  Zergling x18  
  112  7:06  Zergling x6  
  112  7:12  Zergling x4  
  114  7:21  Zergling x12  
  108  7:29  Zergling x12  
  108  7:36  Zerg Ground Armor Level 2  
  108  7:44  Hydralisk  
  108  7:45  Hydralisk x6  
  108  7:50  Hydralisk x3  
  123  7:56  Hydralisk  
  123  7:57  Hydralisk x2  
  127  8:02  Zergling x8  
  122  8:06  Overlord  
  122  8:08  Zergling x10  
  117  8:20  Hydralisk x4  
  117  8:22  Hydralisk  
  117  8:26  Hydralisk x2  
  131  8:33  Hydralisk x2, Infestation Pit  
  134  8:40  Zergling x4  
  136  8:43  Overlord x2  
  136  8:44  Overlord  
  136  8:46  Overlord  
  136  8:47  Overlord  
  129  9:07  Zergling x12  
  129  9:08  Zergling x24  
  114  9:11  Zergling x4  
  96  9:25  Hydralisk x4  
  96  9:29  Infestor  
  96  9:30  Infestor x2  
  110  9:32  Infestor x2  
  110  9:33  Infestor  
  110  9:36  Zergling x6  
  115  9:46  Hydralisk x4  
  115  9:53  Drone x2, Extractor  
  115  9:54  Drone x3  
  115  9:55  Drone  
  115  9:56  Zerg Missile Weapons Level 1  
  115  9:58  Hydralisk  
  122  10:01  Hydralisk  
  122  10:05  Hydralisk  
  122  10:06  Zergling x6  
  129  10:11  Zergling x8  
  117  10:32  Zergling x2  
  117  10:33  Zergling x36  
  117  10:35  Hydralisk  
  126  10:39  Burrow  
  128  10:45  Hydralisk x4  
  136  10:58  Hydralisk x4  
  143  11:09  Hydralisk x4  
  150  11:16  Hydralisk x3  
  156  11:20  Overlord  
  156  11:21  Overlord  
  156  11:29  Hydralisk  
  172  11:50  Evolution Chamber  
Show
View Real Time Build Order
Export as new Build Order

Moja Terran 

Build Orders:  

Get SALT Encoding   

  12  0:00  SCV  
  13  0:12  SCV  
  14  0:16  Supply Depot  
  14  0:24  SCV  
  15  0:38  Barracks, SCV  
  16  0:50  SCV  
  17  1:02  SCV  
  18  1:16  Command Center  
  18  1:20  SCV  
  19  1:28  Marine  
  20  1:33  Orbital Command  
  20  1:41  Supply Depot  
  20  1:46  Marine  
  21  2:01  Bunker, SCV  
  22  2:04  Supply Depot, Marine  
  23  2:15  SCV  
  24  2:22  Marine  
  25  2:28  Orbital Command  
  25  2:30  SCV  
  26  2:43  SCV  
  27  2:47  Command Center  
  27  2:54  SCV  
  27  2:55  Refinery x2  
  27  2:56  SCV  
  29  3:03  Marine  
  30  3:06  SCV  
  30  3:08  SCV  
  32  3:21  SCV x2  
  32  3:23  Barracks  
  32  3:25  Barracks  
  35  3:30  Barracks Reactor  
  35  3:33  SCV x2  
  36  3:38  Engineering Bay x2  
  36  3:45  SCV x2  
  38  3:57  SCV  
  38  3:58  SCV  
  38  4:00  Orbital Command  
  40  4:04  Terran Infantry Weapons Level 1  
  40  4:06  Terran Infantry Armor Level 1  
  40  4:07  Marine x2  
  43  4:10  SCV x2  
  43  4:14  Barracks Tech Lab  
  44  4:19  Barracks Reactor  
  44  4:22  SCV x2  
  44  4:23  Refinery  
  46  4:25  Marine x2, SCV  
  49  4:34  SCV x2  
  49  4:38  Stimpack  
  51  4:39  Barracks, SCV  
  51  4:41  Barracks, Marine  
  51  4:44  Marine  
  51  4:45  Marine  
  55  4:46  SCV x2  
  55  4:51  Refinery, SCV  
  58  4:54  Factory  
  58  4:56  Marine x2  
  58  4:58  SCV x2  
  58  4:59  Marine  
  63  5:02  Supply Depot  
  63  5:03  SCV  
  63  5:04  Supply Depot, Marine x2  
  66  5:12  SCV  
  66  5:13  SCV  
  68  5:14  Marine  
  69  5:22  Orbital Command  
  69  5:23  Supply Depot, Marine x2  
  71  5:28  Barracks Reactor  
  71  5:29  Barracks Reactor  
  71  5:30  SCV x2  
  71  5:31  Marine x2  
  71  5:33  Supply Depot  
  75  5:39  Factory Reactor, Starport  
  75  5:40  Armory  
  75  5:42  SCV x2  
  77  5:45  Marine  
  77  5:46  Marine x2  
  77  5:48  SCV  
  81  5:53  Marine x2  
  81  5:54  SCV  
  81  5:55  Supply Depot  
  81  5:56  SCV  
  85  6:02  Barracks  
  85  6:04  Barracks  
  85  6:05  Barracks  
  78  6:13  Marine x2  
  78  6:14  Marine  
  78  6:15  Marine  
  78  6:17  Marine  
  75  6:21  Orbital Command, Marine x4  
  75  6:23  Medivac x2  
  83  6:27  SCV x2  
  83  6:29  Terran Infantry Weapons Level 2  
  83  6:30  Terran Infantry Armor Level 2  
  83  6:31  Marine  
  85  6:36  Supply Depot, Marine  
  85  6:37  Marine  
  87  6:53  Marine x2  
  89  7:01  Marine x4  
  82  7:02  Marine x2  
  82  7:03  SCV  
  82  7:05  Marine, SCV  
  88  7:09  Barracks Reactor x2  
  88  7:10  Barracks Tech Lab  
  88  7:11  SCV  
  88  7:13  Medivac x2  
  88  7:15  Factory Reactor, Barracks, SCV  
  78  7:26  Marine  
  78  7:27  Marine x2  
  78  7:28  Marine x3  
  73  7:30  Combat Shield  
  73  7:34  Marine x2  
  72  7:37  Marine x2  
  70  7:44  Marine  
  70  7:45  Marine x7  
  70  7:47  Marine x2  
  70  7:52  Marine x2  
  70  7:55  Marine x2  
  68  8:02  Marine x2  
  68  8:03  Marine x3  
  68  8:04  Marine  
  56  8:06  Marine  
  56  8:09  Orbital Command  
  52  8:17  SCV  
  52  8:26  Medivac  
  52  8:27  Marine, Medivac  
  57  8:36  Marine x3  
  57  8:37  Marine x4  
  64  8:45  Marine x5  
  64  8:46  Marine  
  70  8:49  SCV x2  
  70  8:55  Marine x4  
  76  8:56  Medivac  
  76  9:00  Marine  
  76  9:01  Marine x3  
  80  9:04  Marine x2  
  80  9:05  Marine  
  80  9:06  Marine  
  80  9:07  Marine  
  80  9:08  Marine  
  80  9:09  Marine  
  69  9:11  Marine  
  69  9:13  Marine x2  
  69  9:15  Marine x2  
  61  9:18  Marine x3  
  61  9:23  Marine x2  
  64  9:24  Marine x2  
  64  9:26  Marine  
  64  9:27  Marine x2  
  64  9:28  Marine  
  70  9:49  Marine x5  
  70  9:50  Marine x4  
  70  9:51  Marine x3, Medivac x2  
  83  9:54  Marine x2  
  83  9:58  Marine x2  
  87  10:07  Marine x5  
  87  10:13  Marine x3  
  87  10:14  Marine x3  
  98  10:17  Marine  
  98  10:21  Marine x4  
  71  10:28  Marine  
  71  10:29  Marine  
  71  10:31  Marine  
  71  10:33  Marine x2  
  71  10:35  Medivac  
  66  10:41  Marine x2  
  66  10:42  Medivac  
  69  10:44  SCV x2  
  69  10:48  Marine x3  
  74  10:50  Marine  
  74  10:53  Marine x2  
  74  10:55  Marine x2  
  79  10:59  SCV x2  
  81  11:06  Marine x2  
  81  11:07  Marine x2  
  81  11:11  Marine x2  
  86  11:15  Marine  
  86  11:16  Marine x5  
  90  11:20  Marine x2  
  90  11:24  Marine x2  
  90  11:25  SCV x2  
Tags
 
Matchup
TvZ
Opening
Pool First
Replay Pack
hsc27
Spawn Locations
Cross Positions
Add a new tag
Caveats
  • Supply blocks, unpowered buildings, or Contaminate may cause inaccurate times.
  • Supply counts are checked every 10 seconds.